 Dungeon Crawl Stone Soup version bcrawl-1.40.3b (webtiles) character file.

Game seed: 7026512182156693322

268235 Finalfun the Skirmisher (level 9, -4/72 HPs)
             Began as a Human Archaeologist on Mar 14, 2024.
             Was a Believer of Zin.
             Slain by a sky beast (5 damage)
             ... on level 6 of the Dungeon.
             The game lasted 00:24:03 (6800 turns).

Finalfun the Skirmisher (Human Archaeologist)       Turns: 6800, Time: 00:24:04

Health: -4/72      AC:  9    Str: 24    XL:     9   Next: 98%
Magic:  13/13      EV: 15    Int: 22    God:    Zin [**....]
Gold:   380        SH:  9    Dex: 19    Spells: 8/8 levels left

rFire    . . .     GDR:     35% E - +0 dagger (venom)
rCold    . . .     SeeInvis .   h - +2 buckler {reflect}
rNeg     . . .     Gourm    .   C - +0 ring mail
rPois    ∞         Faith    .   d - +1 hat
rElec    .         Spirit   .   (no cloak)
rCorr    .         Reflect  +   (no gloves)
MR       .....                  k - +1 pair of boots
Stlth    ++........             (no amulet)
HPRegen  0.22/turn              (no ring)
MPRegen  0.13/turn              (no ring)

@: vitalised, starving
A: no striking features
a: Recite, Vitalisation, Donate Gold, Renounce Religion


You were on level 6 of the Dungeon.
You worshipped Zin.
Zin was pleased with you.
You were starving.

You visited 2 branches of the dungeon, and saw 7 of its levels.
You also visited: Sewer.

You collected 422 gold pieces.
You donated 42 gold pieces to Zin.

Inventory:

Hand Weapons
 b - a +0 blowgun
 o - a +0 hunting sling
 s - a cursed -3 arbalest
 B - a cursed -3 hand axe
 E - a +0 dagger of venom (weapon)
 J - a +0 hand crossbow
Missiles
 c - 103 arrows
 f - 2 curare-tipped needles
 n - 1593 stones
 G - 73 poisoned tomahawks (quivered)
 H - 90 poisoned needles
 K - 175 bolts
Armour
 d - a +1 hat (worn)
 h - a +2 buckler of reflection (worn)
 j - a +0 cloak
 k - a +1 pair of boots (worn)
 C - a +0 ring mail (worn)
 L - a +2 leather armour of fire resistance
Jewellery
 r - an uncursed amulet of rage {unknown}
 y - a +7 ring of dexterity {unknown}
Scrolls
 g - 2 scrolls of revelation
 u - 2 scrolls of enchant weapon
 x - a scroll of blinking {unknown}
 z - a scroll of fog {unknown}
 F - 2 scrolls of teleportation {unknown}
 I - a scroll of fear
 M - a scroll of amnesia
 N - 2 scrolls of remove curse {unknown}
 P - a scroll of torment {unknown}
Potions
 a - a potion of magic
 i - a potion of degeneration {unknown}
 l - 3 potions of agility
 m - 3 potions of might
 p - a potion of haste
 q - 4 potions of curing
 t - a potion of mutation {unknown}
 v - a potion of invisibility
 w - 5 potions of brilliance
 D - a potion of lignification {unknown}
 O - a potion of resistance {unknown}
Comestibles
 e - 6 rations {!d}


   Skills:
 + Level 7.4 Fighting
   Level 1.1 Maces & Flails
 - Level 6.0 Armour
 - Level 6.0 Dodging
 - Level 4.0 Stealth
 - Level 6.0 Shields
 - Level 6.0 Invocations


You had 8 spell levels left.
You didn't know any spells.
Your spell library contained the following spells:

 Spells                   Type           Power        Failure   Level  Hunger
 Throw Frost              Conj/Ice       #.....       26%         2    ####...
 Freeze                   Ice            #.....       41%         1    None
 Ozocubu's Armour         Chrm/Ice       #.......     80%         3    #####..
 Ice Form                 Ice/Tmut       #.......     99%         4    ######.
 Summon Ice Beast         Ice/Summ       #.......     99%         4    ######.
 Throw Icicle             Conj/Ice       #.......     99%         4    ######.


Dungeon Overview and Level Annotations

Branches:
Dungeon (6/12)             Temple (1/1) D:5

Altars:
Ashenzari
Cheibriados
Dithmenos
Elyvilon
Hepliaklqana
Kikubaaqudgha
Lugonu
Nemelex Xobeh
Okawaru
Sif Muna
Trog
Uskayaw
Wu Jian
Xom
Yredelemnul
Zin
The Shining One

Annotations:
D:2 Jessica
D:3 1 runed door


Message History

* * * LOW HITPOINT WARNING * * *
You miss something. You block the phantom's attack.
Something barely misses you.
You closely miss something. The phantom closely misses you.
Something hits you but does no damage.
You hit something but do no damage. You block the phantom's attack.
Something hits you but does no damage.
You closely miss something.
The phantom hits you but does no damage.
Something hits you.
* * * LOW HITPOINT WARNING * * *
Something shocks you.
* * * LOW HITPOINT WARNING * * *
You closely miss something. You block the phantom's attack.
Something barely misses you.
You are starving!
You hit something. You block the phantom's attack. Something hits you.
* * * LOW HITPOINT WARNING * * *
Something shocks you.
You die...

..# #..# #... ##...
.... ### #.. .... #{#
#...# ####.#####@#
#.'...
.........W#####......
.###.###.####........
#.#....##.........
#......o55........
#.........'.....>..
.........#..........
##.###..<#..........
#. #.###.##......#


You could see a phantom.

Vanquished Creatures
  Grinder (D:3)
  A hippogriff (D:6)
  A hungry ghost (D:6)
  A water moccasin (D:6)
  Duvessa (D:5)
  A phantom (D:4)
  2 ogres (D:6)
  A bullfrog (D:6)
  4 kobold brigands (Sewer)
  A gnoll sergeant (D:5)
  3 scorpions
  Dowan (D:5)
  4 killer bees (D:6)
  An orc priest (D:6)
  A vampire bat (D:4)
  A howler monkey (D:5)
  2 crimson imps
  A bullfrog zombie (D:5)
  A hound (D:5)
  2 bullfrog skeletons (D:4)
  3 orc wizards
  2 iguanas
  3 worker ants
  A worker ant zombie (D:5)
  5 gnolls (D:5)
  13 adders
  2 river rats (D:4)
  4 shadow imps
  3 oozes
  2 adder skeletons (D:4)
  A worm (D:2)
  5 dart slugs
  3 fire bats (D:4)
  4 leopard geckos
  15 orcs
  2 spectral bats (D:4)
  2 ball pythons (Sewer)
  3 bat skeletons (D:4)
  A bat zombie (D:4)
  5 giant cockroaches
  11 goblins
  9 hobgoblins
  3 quokkas
  21 bats
  A bat simulacrum (D:4)
  6 frilled lizards
  A jackal skeleton (D:5)
  18 kobolds
  A quokka skeleton (D:4)
  7 rats
188 creatures vanquished.

Vanquished Creatures (others)
  An orc (D:3)
1 creature vanquished.

Grand Total: 189 creatures vanquished

Notes
Turn   | Place    | Note
-------+----------+-------------------------------------------
     0 | D:1      | Finalfun the Human Archaeologist began the quest for the
                  | Orb.
     0 | D:1      | Reached XP level 1. HP: 15/15 MP: 1/1
   181 | D:1      | Reached XP level 2. HP: 21/21 MP: 2/2
   432 | D:1      | Reached XP level 3. HP: 17/26 MP: 3/3
   697 | D:1      | Reached skill level 2 in Fighting
  1020 | D:2      | Found an iron altar of Okawaru.
  1193 | D:2      | Noticed an ogre
  1594 | D:2      | Reached XP level 4. HP: 33/34 MP: 4/4
  1806 | D:2      | Reached skill level 3 in Fighting
  1806 | D:2      | Noticed Jessica
  1910 | D:2      | Found an ornate altar of the Wu Jian Council.
  1915 | D:2      | Found a hide-covered altar of Uskayaw.
  1918 | D:2      | Found a corrupted altar of Lugonu.
  2004 | D:3      | Reached XP level 5. HP: 42/42 MP: 5/5
  2004 | D:3      | Identified a scroll of acquirement
  2051 | D:3      | Noticed Grinder
  2077 | D:3      | Found a sparkling altar of Nemelex Xobeh.
  2087 | D:3      | Reached skill level 4 in Fighting
  2121 | D:3      | Reached skill level 1 in Shields
  2208 | D:3      | Reached XP level 6. HP: 39/48 MP: 6/6
  2322 | D:3      | Paralysed by Grinder for 2 turns
  2470 | D:3      | Paralysed by Grinder for 4 turns
  2494 | D:3      | Paralysed by Grinder for 3 turns
  2508 | D:3      | Paralysed by Grinder for 2 turns
  2513 | D:3      | Killed Grinder
  2514 | D:3      | Reached skill level 5 in Shields
  2514 | D:3      | Reached XP level 7. HP: 19/54 MP: 7/7
  2883 | D:3      | Found a runed door.
  3365 | D:4      | Reached skill level 5 in Fighting
  3434 | D:4      | Found a glowing drain.
  3438 | Sewer    | Entered a sewer
  3552 | Sewer    | Reached XP level 8. HP: 19/64 MP: 8/8
  3571 | Sewer    | Reached skill level 6 in Fighting
  3832 | Sewer    | Reached skill level 5 in Dodging
  4369 | D:4      | Reached skill level 1 in Armour
  4935 | D:5      | Entered Level 5 of the Dungeon
  4936 | D:5      | Found a staircase to the Ecumenical Temple.
  5073 | Temple   | Entered the Ecumenical Temple
  5264 | Temple   | Became a worshipper of Zin the Law-Giver
  5264 | Temple   | Reached * piety under Zin
  5469 | D:5      | Found a hazy altar of Hepliaklqana.
  5501 | D:5      | Reached ** piety under Zin
  5526 | D:5      | Reached skill level 1 in Invocations
  5526 | D:5      | Reached XP level 9. HP: 67/69 MP: 8/10
  5845 | D:6      | Noticed a hippogriff
  5857 | D:6      | Killed a hippogriff
  5858 | D:6      | Reached skill level 5 in Armour
  6248 | D:6      | Reached skill level 5 in Invocations
  6409 | D:6      | Noticed a hippogriff
  6415 | D:6      | HP: 2/70 [orc priest/divine providence (10)]
  6580 | D:6      | Noticed Dowan
  6582 | D:6      | Noticed Duvessa
  6600 | D:5      | Killed Dowan
  6604 | D:5      | Killed Duvessa
  6605 | D:5      | Reached skill level 7 in Fighting
  6782 | D:6      | HP: 2/72 [sky beast (6)]
  6800 | D:6      | HP: 1/72 [something (4)]
  6800 | D:6      | Slain by a sky beast

Skill      XL: |  1  2  3  4  5  6  7  8  9 |
---------------+----------------------------+-----
Stealth        | 4 |  4.0
Dodging        | 4 6 |  6.0
Fighting       | 2 3 4 5 6 7 |  7.4
Shields        | 2 5 6 |  6.0
Armour         | 4 6 |  6.0
Invocations    | 1 6 |  6.0
Maces & Flails | |  1.1

Action                   |  1- 3 |  4- 6 |  7- 9 || total
-------------------------+-------+-------+-------++-------
Melee: Whip              |   105 |       |       ||   105
       Dagger            |   115 |   169 |   661 ||   945
 Fire: Blowgun           |       |     4 |       ||     4
Throw: Stone             |    10 |    33 |       ||    43
       Tomahawk          |       |       |   104 ||   104
Invok: Recite            |       |       |     4 ||     4
       Vitalisation      |       |       |     2 ||     2
  Use: Scroll            |     4 |     2 |     6 ||    12
       Potion            |     1 |     2 |    10 ||    13
 Stab: Sleeping          |     7 |     2 |     5 ||    14
       Confused          |       |       |     2 ||     2
  Eat: Chunk             |     8 |     7 |    24 ||    39
       Ration            |       |       |     4 ||     4
Armor: Robe              |    68 |       |       ||    68
       Ring mail         |     9 |    42 |   261 ||   312
Dodge: Dodged            |   193 |    58 |   372 ||   623
Block: Buckler           |       |    22 |   325 ||   347
       Reflection        |       |     2 |     5 ||     7
